 Dungeon Crawl Stone Soup version 0.29-a0-322-g68df515428 (webtiles) character file.

Game seed: 4557477227702100279

7 Hubjo the Skirmisher (level 1, 0/18 HPs)
             Began as a Demonspawn Monk on Apr 5, 2022.
             Slain by an adder (3 damage)
             ... on level 1 of the Dungeon.
             The game lasted 00:00:26 (395 turns).

Hubjo the Skirmisher (Demonspawn Monk)               Turns: 395, Time: 00:00:27

Health: 0/18       AC:  2    Str: 11    XL:     1   Next: 83%
Magic:  1/1        EV: 12    Int: 11    God:
Gold:   26         SH:  0    Dex: 15    Spells: 0/0 levels left

rFire   . . .      SeeInvis .   a - +0 short sword
rCold   . . .      Faith    .   (no shield)
rNeg    . . .      Spirit   .   b - +0 robe
rPois   .          Reflect  .   (no helmet)
rElec   .          Harm     .   (no cloak)
rCorr   .          Rampage  .   (no gloves)
Will    .....                   (no boots)
Stlth   ++........              (no amulet)
HPRegen 0.06/turn               (no ring)
MPRegen 0.07/turn               (no ring)

@: about to teleport
A: no striking features
a: no special abilities


You were on level 1 of the Dungeon.
You visited 1 branch of the dungeon, and saw 2 of its levels.

You collected 26 gold pieces.

Inventory:

Hand Weapons
 a - a +0 short sword (weapon)
Armour
 b - a +0 robe (worn)
Potions
 c - a potion of ambrosia
 d - a potion of might {unknown}


   Skills:
 * Level 3.2 Fighting
 - Level 2.6 Short Blades
 - Level 2.6 Dodging
 * Level 2.1 Stealth
 + Level 0.3 Spellcasting


You couldn't memorise any spells.
You didn't know any spells.
Your spell library was empty.

Dungeon Overview and Level Annotations

Branches:
Dungeon (2/15)

Altars:


Message History

a +0 dagger; a stone You see here a ball python corpse.
Found 9 gold pieces.
You start resting.
You start resting.
HP restored.
An adder comes into view.
The adder hisses angrily.
A kobold comes into view. It is wielding a +0 whip.
The kobold shouts!
You hear a shout!
Found a stone staircase leading down.
A kobold comes into view. It is wielding a +0 dagger.
Found 6 silver javelins.
The adder closely misses you. The kobold closely misses you.
The adder bites you.
You are poisoned.
The adder poisons you!
There is a stone staircase leading up here.
You feel sick. The kobold hits you with a +0 dagger. The adder misses you.
You climb upwards.
You feel sick.
There is a stone staircase leading down here.
You hit the adder.
The adder is moderately wounded.
You feel sick. The adder bites you. The kobold hits you with a +0 dagger.
You are too injured to fight recklessly!
You are too injured to fight recklessly!
You are too injured to fight recklessly!
You are too injured to fight recklessly!
You are too injured to fight recklessly!
You are too injured to fight recklessly!
You are too injured to fight recklessly!
You are too injured to fight recklessly!
You are too injured to fight recklessly!
As you read the scroll labelled AHAMPE ISITI, it crumbles to dust.
You feel strangely unstable.
It was a scroll of teleportation.
You feel sick.
You are no longer poisoned.
The adder completely misses you. The kobold hits you with a +0 dagger.
* * * LOW HITPOINT WARNING * * *
The adder bites you.
You die...

#.....ยง...
#.........
#.........
####'''### #8...8#
###.....#
.........##
########.######....
#.@>K....# ###....#
#.#S###..# #.......
#..## .###.#....#
#.. .....##.... #..
.........## #.#
#######.## #. ##'##
#. ##...## ##.....#


You could see an adder and a kobold.

Vanquished Creatures
  2 hobgoblins
  2 kobolds (D:2)
  A ball python (D:2)
  A bat (D:1)
  A frilled lizard (D:1)
7 creatures vanquished.

Notes
Turn   | Place    | Note
-------+----------+-------------------------------------------
     0 | D:1      | Hubjo the Demonspawn Monk began the quest for the Orb.
     0 | D:1      | Reached XP level 1. HP: 18/18 MP: 1/1
   218 | D:1      | You fall into a shaft and drop 1 floor!
   395 | D:1      | Slain by an adder

Illustrated notes

Levels and vault maps discovered:
D:1:      scummos_arrival_gate, layout_loops_corners, serial_shops,
          nicolae_diamond_shop
D:2:      layout_rooms, uniq_terence

Skill      XL: |  1 |
---------------+----+-----
Stealth        | 2 |  2.1
Fighting       | |  3.2
Short Blades   | |  2.6
Dodging        | |  2.6
Spellcasting   | |  0.3

Action                   || total
-------------------------++-------
Melee: Short sword       ||    32
  Use: Scroll            ||     1
 Stab: Sleeping          ||     1
Armor: Robe              ||     2
Dodge: Dodged            ||    26

Table legend: (Time is in decaauts)
 A = Elapsed time spent in this place.
 B = Non-inter-level travel time spent in this place.
 C = Inter-level travel time spent in this place.
 D = Time resting spent in this place.
 E = Time spent auto-exploring this place.
 F = Levels seen in this place.
 G = Mean time per level.
                   A        B        C        D        E       F      G
               +--------+--------+--------+--------+--------+-----+--------+
         Total |    394 |    394 |      0 |    143 |    190 |   2 |  197.0 |
       Dungeon |    394 |    394 |      0 |    143 |    190 |   2 |  197.0 |
               +--------+--------+--------+--------+--------+-----+--------+

Top non-repeatable levels by time:
     D:1: 221 daAuts
     D:2: 173 daAuts
